 Dungeon Crawl Stone Soup version 0.19-a0-1206-g6bcb79c (webtiles) character file.

118 nubinia the Magician (level 4, -13/24 HPs)
             Began as a Deep Elf Fire Elementalist on Aug 21, 2016.
             Splashed by Ijyb's acid (17 damage)
             ... on level 3 of the Dungeon.
             The game lasted 00:11:06 (2003 turns).

nubinia the Magician (Deep Elf Fire Elementalist)   Turns: 2003, Time: 00:11:06

Health: -13/24     AC:  3    Str:  5    XL:     4   Next: 72%
Magic:  5/12       EV: 13    Int: 21    God:
Gold:   115        SH:  3    Dex: 15    Spells: 3 memorised, 6 levels left

rFire  . . .     SeeInvis .     n - +1 short sword (venom)
rCold  . . .     Gourm    .     a - +0 robe
rNeg   . . .     Faith    .     u - +0 buckler
rPois  .         Spirit   .     (no helmet)
rElec  .         Dismiss  .     g - +0 cloak
rCorr  .         Reflect  .     (no gloves)
MR     .....     Harm     .     (no boots)
Stlth  ++........               (no amulet)
                                (no ring)
                                (no ring)

@: lethally poisoned (-13 -> -19)
A: no striking features
a: no special abilities


You were on level 3 of the Dungeon.
You were not hungry.

You visited 1 branch of the dungeon, and saw 3 of its levels.

You collected 115 gold pieces.

Inventory:

Hand Weapons
 d - a -2 dagger
 h - a +0 blowgun
 n - a +1 short sword of venom (weapon)
Missiles
 p - 17 poisoned needles
 t - 6 needles of sleeping
Armour
 a - a +0 robe (worn)
 g - a +0 cloak (worn)
 u - a +0 buckler (worn)
Scrolls
 e - a scroll of random uselessness {unknown}
 i - a scroll of teleportation {unknown}
 j - 4 scrolls of amnesia
 k - a scroll of immolation {unknown}
 l - 2 scrolls of remove curse
 r - a scroll of recharging {unknown}
Potions
 f - a potion of heal wounds {unknown}
 o - a potion of cancellation
 q - a potion of brilliance
 v - a potion of flight {unknown}
Books
 b - a book of Flames

   Spells                             Type                      Level
   a - Flame Tongue                   Conjuration/Fire             1
   b - Throw Flame                    Conjuration/Fire             2
   c - Conjure Flame                  Conjuration/Fire             3
   d - Inner Flame                    Hexes/Fire                   3
   e - Sticky Flame                   Conjuration/Fire             4
   f - Fireball                       Conjuration/Fire             5
Comestibles
 c - 3 bread rations
 m - a beef jerky
 s - 2 chunks of flesh
 w - a slice of pizza


   Skills:
 + Level 0.1 Fighting
 + Level 0.6 Short Blades
 + Level 3.1 Dodging
 + Level 2.8 Stealth
 + Level 4.6 Spellcasting
 + Level 2.0 Conjurations
 + Level 4.1 Fire Magic


You had 6 spell levels left.
You knew the following spells:

 Your Spells              Type           Power        Failure   Level  Hunger
a - Flame Tongue          Conj/Fire      ###..        8%          1    None
b - Throw Flame           Conj/Fire      ###...       10%         2    #......
c - Conjure Flame         Conj/Fire      ###.....     17%         3    ##.....


Dungeon Overview and Level Annotations

Branches:
Dungeon (3/15)

Altars:

Annotations:
D:3 Ijyb


Message History

Aiming: Throw Flame
Press: ? - help, Shift-Dir - straight line, f - kobold
Aim: a kobold, wielding a blowgun The puff of flame misses the kobold.
You feel sick.
The kobold shoots a poisoned needle.
The poisoned needle closely misses you. Ijyb screams, "Me stronger than you!"
Casting: Throw Flame
Confirm with . or Enter, or press ? or * to list all spells.
Aiming: Throw Flame
Press: ? - help, Shift-Dir - straight line, f/p - kobold
Aim: a kobold, wielding a blowgun The puff of flame hits the kobold.
You kill the kobold!
You feel sick.
Ijyb zaps a wand.
The bolt of acid hits you!
Ouch! That really hurt!
* * * LOW HITPOINT WARNING * * *
The acid burns!
Ouch! That really hurt!
You die...

#.#.###.######[....## .
#...##.....#.....### .
#).#.............# .
#..†...................
#.#...............#....
. #......)..........#
...
##.##................#
. l..#................#
#.#....@...........# ..
#......h............
...#.....(....#.....
...##...#.S#### .#..
...l..........## # .
......g.†......#.
.................#
......†...........
.................#


You could see Ijyb, an adder, a jackal and a giant newt (wandering).

Vanquished Creatures
  3 adders
  2 oozes
  2 worms (D:2)
  2 dart slugs (D:1)
  4 giant geckos
  An orc (D:3)
  A giant cockroach (D:1)
  8 goblins
  7 hobgoblins
  4 jackals
  2 quokkas (D:2)
  3 ball pythons (D:1)
  7 bats
  3 giant newts (D:2)
  12 kobolds
  5 rats
66 creatures vanquished.

Notes
Turn   | Place    | Note
-------+----------+-------------------------------------------
     0 | D:1      | nubinia the Deep Elf Fire Elementalist began the quest for the Orb.
     0 | D:1      | Reached XP level 1. HP: 10/10 MP: 6/6
   224 | D:1      | Reached XP level 2. HP: 15/15 MP: 5/8
   567 | D:1      | Learned a level 2 spell: Throw Flame
   595 | D:1      | Reached XP level 3. HP: 19/19 MP: 8/10
   615 | D:1      | Learned a level 3 spell: Conjure Flame
  1197 | D:2      | Reached XP level 4. HP: 24/24 MP: 6/12
  1996 | D:3      | Noticed Ijyb
  2003 | D:3      | Splashed by Ijyb's acid

Vault maps used:
D:1:      kennysheep_arrival_forest
D:2:      first_bread
D:3:      kiku_gazebo_pond_becter, kennysheep_slug_shrine, uniq_iyjb

Skill      XL: |  1  2  3  4 |
---------------+-------------+-----
Fire Magic     | 4 |  4.1
Dodging        | 3 |  3.1
Spellcasting   | 4 |  4.6
Conjurations   | 2 |  2.0
Fighting       | |  0.1
Short Blades   | |  0.6
Stealth        | |  2.8

Action                   |  1- 3 |  4- 6 || total
-------------------------+-------+-------++-------
Melee: Dagger            |    11 |     4 ||    15
       Short sword       |       |     9 ||     9
 Fire: Blowgun           |       |     3 ||     3
 Cast: Flame Tongue      |    59 |    34 ||    93
       Throw Flame       |     3 |    13 ||    16
  Use: Scroll            |     1 |     3 ||     4
 Stab: Sleeping          |     5 |     1 ||     6
  Eat: Chunk             |     1 |     2 ||     3
Armor: Robe              |     8 |     8 ||    16
Dodge: Dodged            |    22 |    12 ||    34
